 Dungeon Crawl Stone Soup version 0.31-a0-150-g89dc3ad700 (webtiles) character file.

Game seed: 4497344164461877813

92 justawriter the Trooper (level 4, 0/37 HPs)
             Began as a Human Fighter on June 8, 2023.
             Slain by an orc wizard
             ... wielding a +0 dagger
              (2 damage)
             ... on level 2 of the Dungeon.
             The game lasted 00:38:41 (2137 turns).

justawriter the Trooper (Human Fighter)             Turns: 2137, Time: 00:38:42

Health: 0/37       AC:  6    Str: 18    XL:     4   Next: 90%
Magic:  4/4        EV:  9    Int:  9    God:
Gold:   94         SH:  4    Dex: 12    Spells: 3/3 levels left

rFire   . . .        a - +0 long sword
rCold   . . .        c - +0 buckler
rNeg    . . .        b - +0 scale mail
rPois   .            (no helmet)
rElec   .            (no cloak)
rCorr   .            (no gloves)
SInv    .            (no boots)
Will    .....        (no amulet) Stlth
                     (no ring)
HPRegen 0.26/turn    (no ring)
MPRegen 0.09/turn

%: no passive effects
@: no status effects
A: no striking features
a: no special abilities


You were on level 2 of the Dungeon.
You visited 1 branch of the dungeon, and saw 2 of its levels.

You collected 94 gold pieces.

Inventory:

Hand Weapons
 a - a +0 long sword (weapon)
 j - a +0 whip
Missiles
 f - 13 stones
Armour
 b - a +0 scale mail (worn)
 c - a +0 buckler (worn)
 g - a +0 leather armour
Wands
 m - a wand of light (6)
Scrolls
 e - a scroll of identify {unknown}
 h - a scroll of vulnerability {unknown}
 i - a scroll of poison {unknown}
 k - a scroll of enchant armour {unknown}
 l - a scroll of fog {unknown}
 n - a scroll of teleportation {unknown}
Potions
 d - a potion of might
 o - a potion of magic {unknown}


   Skills:
 + Level 3.6 Fighting
 + Level 3.0 Long Blades
 + Level 3.5 Armour
 + Level 0.2 Dodging
 + Level 0.8 Stealth
 + Level 3.4 Shields


You had 3 spell levels left.
You didn't know any spells.
Your spell library contained the following spells:

 Spells                   Type           Power      Damage    Failure   Level
 Olgreb's Toxic Radiance  Pois           0%         N/A       100%        4
 Discord                  Hex            0%         N/A       100%        8
 Ignition                 Fire           0%         3d3       100%        8


Dungeon Overview and Level Annotations

Branches:
Dungeon (2/15)

Altars:


Message History

You're too confused to move!
The hobgoblin hits you but does no damage.
You bump into the rock wall.
The hobgoblin hits you but does no damage.
You slash the hobgoblin!
You kill the hobgoblin!
You feel less confused. You block something's attack.
You miss something. Something hits you but does no damage.
You barely miss something. Something hits you.
Something hits you but does no damage.
You miss something.
You hear some strange, mumbled words.
A puff of flame appears from out of thin air!
The puff of flame hits you.
You barely miss something. Something hits you but does no damage.
You closely miss something. Something hits you but does no damage.
You closely miss something. Something hits you.
Something hits you but does no damage.
You closely miss something. Something hits you but does no damage.
You closely miss something.
You hear some strange, mumbled words.
A puff of flame appears from out of thin air!
The puff of flame hits you!
* * * LOW HITPOINT WARNING * * *
You miss something. Something hits you.
* * * LOW HITPOINT WARNING * * *
You closely miss something. Something hits you.
* * * LOW HITPOINT WARNING * * *
Something hits you.
* * * LOW HITPOINT WARNING * * *
You closely miss something. Something hits you.
* * * LOW HITPOINT WARNING * * *
You barely miss something.
You hear some strange, mumbled words.
A magic dart appears from out of thin air!
The magic dart hits you.
* * * LOW HITPOINT WARNING * * *
You hit something but do no damage. Something hits you.
You die...

#.#.####..#....##.#.........# #.
#.........#.##.##.#.##..##### #.
#.....##..#.##.##.#.##..########.
..†.......#.##.##.#.##...........
............##.........#########.
..................#.#### #.
..........######.##.# #.
....#.....######.##.# ##
..#.##.#......){@...# ..#.#
.#..######...## ...#.#.# ##.##
..###.. ........# #..#.##
######... #...# ..#.. #..## ##.
..# #..# ## #.# ##### #..# .#
.<...


There were no monsters in sight!

Vanquished Creatures
  An orc wizard (D:2)
  An adder (D:2)
  A dart slug (D:2)
  An orc (D:2)
  5 ball pythons
  4 endoplasms
  2 giant cockroaches (D:2)
  7 hobgoblins
  6 jackals (D:1)
  5 kobolds
  2 quokkas (D:1)
  7 bats
  5 frilled lizards
  2 rats (D:1)
49 creatures vanquished.

Notes
Turn   | Place    | Note
-------+----------+-------------------------------------------
     0 | D:1      | justawriter the Human Fighter began the quest for the Orb.
     0 | D:1      | Reached XP level 1. HP: 18/18 MP: 1/1
   139 | D:1      | Reached XP level 2. HP: 15/24 MP: 2/2
   526 | D:1      | Reached XP level 3. HP: 29/29 MP: 3/3
  1759 | D:2      | Reached XP level 4. HP: 20/35 MP: 4/4
  2136 | D:2      | HP: 1/37 [something/magic dart (2)]
  2137 | D:2      | Slain by an orc wizard

Illustrated notes

Levels and vault maps discovered:
D:1:      noname_arrival_rooms_in_the_neighbourhood, layout_basic
D:2:      layout_loops_ring

Skill      XL: |  1  2  3  4 |
---------------+-------------+-----
Long Blades    | 3 |  3.0
Fighting       | |  3.6
Armour         | |  3.5
Dodging        | |  0.2
Stealth        | |  0.8
Shields        | |  3.4

Action                     |  1- 3 |  4- 6 || total
---------------------------+-------+-------++-------
  Melee: Long sword        |   115 |    49 ||   164
 Armour: Scale mail        |    80 |    25 ||   105
  Dodge: Dodged            |    83 |    23 ||   106
  Block: Buckler           |    32 |     9 ||    41

Table legend: (Time is in decaauts)
 A = Elapsed time spent in this place.
 B = Non-inter-level travel time spent in this place.
 C = Inter-level travel time spent in this place.
 D = Time resting spent in this place.
 E = Time spent auto-exploring this place.
 F = Levels seen in this place.
 G = Mean time per level.
                   A        B        C        D        E       F      G
               +--------+--------+--------+--------+--------+-----+--------+
         Total |   2188 |   2188 |      0 |    100 |      0 |   2 | 1094.0 |
       Dungeon |   2188 |   2188 |      0 |    100 |      0 |   2 | 1094.0 |
               +--------+--------+--------+--------+--------+-----+--------+

Top non-repeatable levels by time:
     D:1: 1717 daAuts
     D:2: 470 daAuts
